 Dungeon Crawl Stone Soup version 0.21-a0-538-gd16b88a (webtiles) character file.

45 teukkam the Skirmisher (level 3, -1/34 (35) HPs)
             Began as a Gnoll Wanderer on Dec 15, 2017.
             Slain by an orc
             ... wielding a cursed -2 flail
              (5 damage)
             ... on level 3 of the Dungeon.
             The game lasted 00:06:14 (1517 turns).

teukkam the Skirmisher (Gnoll Wanderer)             Turns: 1517, Time: 00:06:15

HP:   -1/34 (35)    AC:  3    Str: 14    XL:     3   Next: 64%
MP:   4/4           EV: 13    Int: 15    God:
Gold: 50            SH:  0    Dex: 14    Spells: 3/3 levels left

rFire    . . .     SeeInvis .   a - +0 spear
rCold    . . .     Gourm    +   (no shield)
rNeg     . . .     Faith    .   e - +0 robe
rPois    .         Spirit   .   (no helmet)
rElec    .         Reflect  .   i - +0 cloak
rCorr    .         Harm     .   (no gloves)
MR       .....                  (no boots)
Stlth    ++........             l - amulet of the gourmand
HPRegen  0.11/turn              (no ring)
MPRegen  0.09/turn              (no ring)

@: no status effects
A: distributed training, fangs 1, strong nose
a: no special abilities


You were on level 3 of the Dungeon.
You were not hungry.

You visited 1 branch of the dungeon, and saw 3 of its levels.

You collected 50 gold pieces.

Inventory:

Hand Weapons
 a - a +0 spear (weapon)
 b - a +0 blowgun
 k - a +2 dagger
Missiles
 m - 2 poisoned needles
Armour
 e - a +0 robe (worn)
 i - a +0 cloak (worn)
Jewellery
 l - an amulet of the gourmand (around neck)
Scrolls
 c - a scroll of identify {unknown}
 d - a scroll of remove curse {unknown}
 g - a scroll of fog
Potions
 j - a potion of curing
Comestibles
 f - 2 bread rations
 h - 3 fruits
 n - 5 chunks of flesh


   Skills:
 + Level 6.5 Fighting
 + Level 0.8 Short Blades
 + Level 0.8 Long Blades
 + Level 0.8 Axes
 + Level 2.6 Maces & Flails
 + Level 4.5 Polearms
 + Level 0.8 Staves
 + Level 0.8 Slings
 + Level 0.8 Bows
 + Level 0.8 Crossbows
 + Level 0.8 Throwing
 + Level 0.8 Armour
 + Level 2.6 Dodging
 + Level 2.4 Stealth
 + Level 2.6 Shields
 + Level 0.8 Unarmed Combat
 + Level 0.8 Spellcasting
 + Level 0.5 Conjurations
 + Level 0.5 Hexes
 + Level 0.5 Charms
 + Level 0.5 Summonings
 + Level 0.5 Necromancy
 + Level 0.5 Translocations
 + Level 0.5 Transmutations
 + Level 0.5 Fire Magic
 + Level 0.5 Ice Magic
 + Level 0.5 Air Magic
 + Level 0.5 Earth Magic
 + Level 0.5 Poison Magic
 + Level 1.0 Invocations
 + Level 2.6 Evocations


You had 3 spell levels left.
You didn't know any spells.

Dungeon Overview and Level Annotations

Branches:
Dungeon (3/15)

Altars:
Dithmenos


Innate Abilities, Weirdness & Mutations

Your experience applies equally to all skills.
You have very sharp teeth.
Your uncanny sense of smell can sniff out nearby items.


Message History

The poisoned needle closely misses the orc.
Firing (i - inventory):
m - 4 poisoned needles (quivered)
Press: ? - help, Shift-Dir - straight line, f/p - orc
Aim: an orc, wielding an enchanted flail You shoot a poisoned needle.
The poisoned needle closely misses the orc.
Firing (i - inventory):
m - 3 poisoned needles (quivered)
Press: ? - help, Shift-Dir - straight line, f/p - orc
Aim: an orc, wielding an enchanted flail You shoot a poisoned needle.
The poisoned needle closely misses the orc.
a - a +0 spear (weapon)
You hit the orc.
The orc is severely wounded.
The orc hits you with an enchanted flail!
* * * LOW HITPOINT WARNING * * *
You barely miss the orc.
The orc is severely wounded.
The orc hits you with an enchanted flail.
You die...

### #.# #.. ##########
#.# #........# #.#
#.######.####.#
#.#################.#
#...##.#
........((†.)..o@.#.#
###.##.#
.......##########.#.#####
#.....# .......#
#.........###...###
.......#
#...............#
.......#
#.........####+##
.......# #.........####
######## ###.#........#
...##.#####.... ........
..#


You could see an orc.

Vanquished Creatures
  2 dart slugs
  A leopard gecko (D:2)
  2 orcs (D:3)
  2 giant cockroaches
  4 hobgoblins
  4 jackals (D:2)
  5 bats
  3 frilled lizards
  6 goblins
  3 kobolds
  5 rats
37 creatures vanquished.

Notes
Turn   | Place    | Note
-------+----------+-------------------------------------------
     0 | D:1      | teukkam the Gnoll Wanderer began the quest for the Orb.
     0 | D:1      | teukkam set off with: a +2 dagger, a scroll of blinking, a scroll of teleportation, a potion of curing, a +0 robe, a bread ration
     0 | D:1      | Reached XP level 1. HP: 23/23 MP: 2/2
   118 | D:1      | You fall through a shaft!
   170 | D:2      | Reached XP level 2. HP: 21/29 MP: 3/3
   230 | D:2      | Noticed a necrophage
   875 | D:2      | Found a shadowy altar of Dithmenos.
  1032 | D:1      | Reached XP level 3. HP: 26/34 MP: 4/4
  1465 | D:3      | Reached skill level 1 in Invocations
  1517 | D:3      | Slain by an orc

Vault maps used:
D:1:      zelgadis_glass_arrival_small, hangedman_decor_clover_reticule
D:2:      minmay_wonky_spiral, lemuel_round_altar, first_bread
D:3:      nicolae_overflow_crystal_walls, nicolae_overflow_quartered_altars,
          fedhas_altar_2, uniq_grinder

Skill      XL: |  1  2  3 |
---------------+----------+-----
Invocations    | 1 |  1.0
Fighting       | |  6.5
Short Blades   | |  0.8
Long Blades    | |  0.8
Axes           | |  0.8
Maces & Flails | |  2.6
Polearms       | |  4.5
Staves         | |  0.8
Slings         | |  0.8
Bows           | |  0.8
Crossbows      | |  0.8
Throwing       | |  0.8
Armour         | |  0.8
Dodging        | |  2.6
Stealth        | |  2.4
Shields        | |  2.6
Unarmed Combat | |  0.8
Spellcasting   | |  0.8
Conjurations   | |  0.5
Hexes          | |  0.5
Charms         | |  0.5
Summonings     | |  0.5
Necromancy     | |  0.5
Translocations | |  0.5
Transmutations | |  0.5
Fire Magic     | |  0.5
Ice Magic      | |  0.5
Air Magic      | |  0.5
Earth Magic    | |  0.5
Poison Magic   | |  0.5
Evocations     | |  2.6

Action                   || total
-------------------------++-------
Melee: Dagger            ||    39
       Bite              ||    11
       Spear             ||   125
 Fire: Blowgun           ||    10
  Use: Scroll            ||     5
       Potion            ||     1
 Stab: Sleeping          ||     6
  Eat: Chunk             ||     2
Armor: Robe              ||    24
Dodge: Dodged            ||    84

Table legend:
 A = Spawn XP
 B = Non-spawn XP
 C = Spawn XP percentage of total XP
 D = Spawn monster count
 E = Non-spawn monster count
 F = Spawn count percentage of total count
 G = Total turns spent on level
                    A         B        C        D         E        F      G
               +---------+---------+-------+---------+---------+-------+---------
         Total |       0 |      65 |   0.0 |       0 |      37 |   0.0 |  1517
               +---------+---------+-------+---------+---------+-------+---------
           D:1 |       0 |      26 |   0.0 |       0 |      16 |   0.0 |   574
           D:2 |       0 |      23 |   0.0 |       0 |      14 |   0.0 |   794
           D:3 |       0 |      16 |   0.0 |       0 |       7 |   0.0 |   149
               +---------+---------+-------+---------+---------+-------+---------
